 Dungeon Crawl Stone Soup version 0.15-a0-1081-gb32516e (webtiles) character file.

417 Quh the Ruinous (level 6, -2/32 HPs)
             Began as a Deep Elf Conjurer on May 28, 2014.
             Killed from afar by an orc wizard (13 damage)
             ... with a puff of flame
             ... on Level 4 of the Dungeon.
             The game lasted 00:15:54 (4030 turns).

Quh the Ruinous (Deep Elf Conjurer)                 Turns: 4030, Time: 00:15:54

HP  -2/32        AC  3     Str  7      XL: 6   Next: 61%
MP   4/18        EV 13     Int 20      God:
Gold 134         SH  0     Dex 15      Spells:  3 memorised,  4 levels left

rFire  x . .     SeeInvis .     i - +0 short sword
rCold  + . .     Clarity  .     a - +0 robe
rNeg   . . .     Conserve .     (no shield)
rPois  .         rCorr    .     (no helmet)
rElec  .         rRot     .     r - +0 cloak
SustAb .         Spirit   .     (no gloves)
rMut   .         Warding  .     (no boots)
Gourm  .         Stasis   .     (no amulet)
MR     .....                    (no ring)
                                w - ring of ice

@: not resistant to hostile enchantments, fairly stealthy
A: no striking features
a: no special abilities


You were on level 4 of the Dungeon.
You were hungry.

You visited 1 branch of the dungeon, and saw 4 of its levels.
You also visited: Sewer.

You collected 134 gold pieces.

Inventory:

Hand weapons
 d - a +0,+0 dagger
 i - a +0,+0 short sword (weapon)
Armour
 a - a +0 robe (worn)
 r - a +0 cloak (worn)
Magical devices
 v - a wand of random effects (4) {unknown}
Comestibles
 b - 3 bread rations
 m - 2 meat rations
 p - 3 fruits
Scrolls
 g - 4 scrolls of identify
 h - 2 scrolls of random uselessness {unknown}
 j - 2 scrolls of remove curse
 k - a scroll of blinking {unknown}
 n - 4 scrolls of fear {unknown}
 o - 3 scrolls of teleportation {unknown}
 q - 2 scrolls of amnesia {unknown}
Jewellery
 w - a ring of ice (left hand)
Potions
 e - 2 potions of haste
 f - a potion of mutation {unknown}
 l - a potion of lignification {unknown}
 s - a potion of might {unknown}
 t - 4 potions of curing {unknown}
 u - 3 potions of brilliance {unknown}
 x - a potion of cure mutation {unknown}
 z - 4 potions of agility {unknown}
 A - a potion of invisibility {unknown}
Books
 c - a book of Conjurations

   Spells                             Type                      Level
   *Magic Dart                        Conjuration                  1
   *Searing Ray                       Conjuration                  2
   Dazzling Spray                     Conjuration/Hexes            3
   Fulminant Prism                    Conjuration/Hexes            4
   Iskenderun's Mystic Blast          Conjuration                  4
   *Iskenderun's Battlesphere         Conjuration/Charms           5


   Skills:
 - Level 2.4 Dodging
 - Level 5.1 Stealth
 - Level 3.6 Spellcasting
 * Level 6.7 Conjurations
 * Level 4.5 Charms


You had 4 spell levels left.
You knew the following spells:

 Your Spells              Type           Power        Failure   Level  Hunger
a - Magic Dart            Conj           ####         1%          1    None
b - Searing Ray           Conj           ####..       1%          2    ##.....
c - Iskenderun's Battles  Conj/Chrm      ####....     38%         5    #####..


Dungeon Overview and Level Annotations

Branches:
Dungeon (4/15)
 Temple: D:4-7

Altars:
Makhleb


Message History

The magic dart hits the orc.
The orc is almost dead.
Casting: Magic Dart
Confirm with . or Enter, or press ? or * to list all spells.
Aiming: Magic Dart
Press: ? - help, Shift-Dir - straight line, f/p - orc
Aim: an orc, wielding a falchion and wearing a ring mail (almost dead)
The magic dart hits the orc.
You kill the orc!
Casting: Magic Dart
Confirm with . or Enter, or press ? or * to list all spells.
Aiming: Magic Dart
Press: ? - help, Shift-Dir - straight line, f - orc wizard
Aim: an orc wizard, wielding a runed dagger and wearing a robe (severely wounded, moving very quickly)
The magic dart hits the orc wizard.
The orc wizard is severely wounded.
The orc wizard casts a spell at you. The puff of flame hits you!
The fire burns you terribly!
One of your 5 scrolls of identify catches fire!
You die...

####.# #o ##....# #o## #..####
#..# ### ###'####### ######'##
..# #.........# #..o)o..# ..#
####.........# #...o...# ..#
#..'.........####.o.....#
..####.##.........).)#..#...##
..##...##......)@o##.'###...#
..#..##########'####### .#+##
.%'.## #..# #. ..### ####.##
#_ .## #..<.# #. .## #.#### .
..# ###.###### ..#
####........#
..####......[....#


You could see an orc wizard.

Vanquished Creatures
  An iguana (D:4)
  A centaur skeleton (D:4)
  2 orc wizards
  Natasha (thrice) (D:3)
  A worker ant (D:4)
  Terence (D:3)
  13 adders
  A giant mite (D:3)
  A worm (D:3)
  7 orcs
  28 ball pythons
  6 giant cockroaches
  5 hobgoblins
  4 jackals (D:4)
  2 quokkas
  3 bats
  2 giant newts (D:1)
  11 goblins
  4 kobolds
  15 rats
111 creatures vanquished.

Notes
Turn   | Place    | Note
--------------------------------------------------------------
     0 | D:1      | Quh, the Deep Elf Conjurer, began the quest for the Orb.
     0 | D:1      | Reached XP level 1. HP: 10/10 MP: 5/5
   304 | D:1      | Reached XP level 2. HP: 15/15 MP: 4/8
   567 | D:2      | Reached skill level 5 in Conjurations
   567 | D:2      | Reached XP level 3. HP: 10/19 MP: 6/11
  1076 | D:2      | Reached XP level 4. HP: 24/24 MP: 8/13
  1852 | D:3      | Reached skill level 5 in Stealth
  1852 | D:3      | Reached XP level 5. HP: 22/28 MP: 8/16
  1946 | D:3      | Found a glowing drain.
  1970 | D:3      | Learned a level 5 spell: Iskenderun's Battlesphere
  1981 | Sewer    | Entered a sewer
  2042 | Sewer    | Reached skill level 1 in Charms
  2333 | D:3      | Noticed Natasha
  2341 | D:3      | Killed Natasha
  2661 | D:3      | Reached skill level 6 in Conjurations
  2709 | D:3      | Noticed Natasha
  2716 | D:3      | Killed Natasha
  2722 | D:3      | Learned a level 2 spell: Searing Ray
  2753 | D:3      | Noticed Terence
  2798 | D:3      | Killed Terence
  3054 | D:3      | Reached XP level 6. HP: 32/32 MP: 10/18
  3143 | D:3      | Noticed Natasha
  3144 | D:3      | Killed Natasha
  4001 | D:4      | Found a burning altar of Makhleb.
  4030 | D:4      | Killed from afar by an orc wizard

Action                   |  1- 3 |  4- 6 || total
-------------------------+-------+-------++-------
Melee: Hand axe          |     4 |       ||     4
       Short sword       |     1 |    42 ||    43
 Cast: Magic Dart        |    53 |   153 ||   206
       Searing Ray       |       |    31 ||    31
       Iskenderun's Batt |       |     2 ||     2
  Use: Scroll            |     2 |       ||     2
